 Dungeon Crawl Stone Soup version 0.21.1-1-g345015fe64 (webtiles) character file.

36 Faustar the Sneak (level 3, -2/24 HPs)
             Began as a Vampire Enchanter on June 6, 2018.
             Slain by a worm (7 damage)
             ... on level 2 of the Dungeon.
             The game lasted 00:03:12 (1153 turns).

Faustar the Sneak (Vampire Enchanter)               Turns: 1153, Time: 00:03:12

Health: -2/24      AC:  3    Str:  7    XL:     3   Next: 19%
Magic:  2/6        EV: 13    Int: 17    God:
Gold:   72         SH:  0    Dex: 15    Spells: 3/6 levels left

rFire    . . .     SeeInvis +   a - +1 dagger
rCold    . . .     Gourm    .   (no shield)
rNeg     . . .     Faith    .   b - +0 robe
rPois    .         Spirit   .   (no helmet)
rElec    .         Reflect  .   (no cloak)
rCorr    .         Harm     .   e - +0 pair of gloves
MR       .....                  (no boots)
Stlth    +++.......             (no amulet)
HPRegen  0.28/turn              (no ring)
MPRegen  0.10/turn              (no ring)

@: regenerating quickly
A: fangs 3, see invisible, unbreathing
a: no special abilities


You were on level 2 of the Dungeon.
You were very full.

You visited 1 branch of the dungeon, and saw 2 of its levels.

You collected 72 gold pieces.

Inventory:

Hand Weapons
 a - a +1 dagger (weapon)
Armour
 b - a +0 robe (worn)
 e - a +0 pair of gloves (worn)
Jewellery
 g - an uncursed amulet of guardian spirit {unknown}
Scrolls
 h - a scroll of random uselessness {unknown}
 i - a scroll of magic mapping {unknown}
Potions
 d - 2 potions of blood
 f - 3 potions of brilliance {unknown}
Books
 c - a book of Maledictions

   Spells                             Type                      Level
   a - Corona                         Hexes                        1
   b - Ensorcelled Hibernation        Hexes/Ice                    2
   c - Confuse                        Hexes                        3
   d - Tukima's Dance                 Hexes                        3
   e - Dazzling Spray                 Conjuration/Hexes            3


   Skills:
 + Level 2.8 Short Blades
 - Level 2.1 Dodging
 - Level 5.4 Stealth
 - Level 2.0 Spellcasting
 - Level 4.4 Hexes


You had 3 spell levels left.
You knew the following spells:

 Your Spells              Type           Power        Failure   Level  Hunger
a - Corona                Hex            ###....      3%          1    #......
b - Ensorcelled Hibernat  Hex/Ice        #.....       12%         2    ###....


Dungeon Overview and Level Annotations

Branches:
Dungeon (2/15)

Altars:


Innate Abilities, Weirdness & Mutations

Your natural rate of healing is unusually fast.
You have razor-sharp teeth.
You have supernaturally acute eyesight. (SInv)
You can survive without breathing.


Message History

You are too injured to fight recklessly!
You are too injured to fight recklessly!
You are too injured to fight recklessly!
Casting: Ensorcelled Hibernation
Confirm with . or Enter, or press ? or * to list all spells.
Aiming: Ensorcelled Hibernation
Press: ? - help, Shift-Dir - straight line, f - worm
Aim: a worm (lightly wounded, chance to defeat MR: 50%)
The worm resists with some effort.
Casting: Ensorcelled Hibernation
Confirm with . or Enter, or press ? or * to list all spells.
Aiming: Ensorcelled Hibernation
Press: ? - help, Shift-Dir - straight line, f/p - worm
Aim: a worm (lightly wounded, chance to defeat MR: 50%)
The worm resists with some effort.
The worm bites you.
* * * LOW HITPOINT WARNING * * *
You barely miss the worm.
The worm is lightly wounded.
The worm bites you!
You die...

# .K..#..........
.?....#.......... ###
#.#.#(#.......##. ##...
#.#.#.####<#####. #....
#.#.#..###..##...
#....##...........#..##
#.....#..#.!.....>..##
#...$w.....[....[...#
...#@..#..........##
#.?##...........##
#..##.............
....##.....%..#....
#.#..##...(..[......
#...######......###.
..... #.#..### # #.####
...##.# ##.. ...


You could see a worm.

Vanquished Creatures
  A worm (D:2)
  2 dart slugs (D:1)
  2 leopard geckos
  2 goblins (D:1)
  3 hobgoblins (D:1)
  2 jackals (D:1)
  4 bats
  A frilled lizard (D:1)
  4 kobolds (D:1)
  6 rats
27 creatures vanquished.

Notes
Turn   | Place    | Note
-------+----------+-------------------------------------------
     0 | D:1      | Faustar the Vampire Enchanter began the quest for the Orb.
     0 | D:1      | Reached XP level 1. HP: 13/13 MP: 3/3
   139 | D:1      | Reached skill level 5 in Stealth
   436 | D:1      | Reached XP level 2. HP: 19/19 MP: 5/5
   482 | D:1      | Learned a level 2 spell: Ensorcelled Hibernation
  1027 | D:2      | Reached XP level 3. HP: 24/24 MP: 6/6
  1153 | D:2      | Slain by a worm

Skill      XL: |  1  2 |
---------------+-------+-----
Stealth        | 5 |  5.4
Short Blades   | 2 |  2.8
Dodging        | |  2.1
Spellcasting   | |  2.0
Hexes          | |  4.4

Action                   || total
-------------------------++-------
Melee: Dagger            ||   148
       Bite              ||     9
 Cast: Corona            ||     1
       Ensorcelled Hiber ||     3
  Use: Potion            ||    10
 Stab: Sleeping          ||     3
Armor: Robe              ||    32
Dodge: Dodged            ||   107
